 Seeded DCSS version 0.29-a0-82-g837932c90e (webtiles) character file.

Game seed: 10000000000011 (custom seed)

1526 knot the Cleaver (level 8, -3/87 HPs)
             Began as a Demonspawn Berserker on Feb 5, 2022.
             Was a Believer of Trog.
             Slain by Joseph (14 damage)
             ... on level 7 of the Dungeon.
             The game lasted 00:04:21 (6683 turns).

knot the Cleaver (Demonspawn Berserker)             Turns: 6683, Time: 00:04:21

Health: -3/87      AC:  2    Str: 18    XL:     8   Next: 54%
Magic:  0/8        EV: 12    Int: 10    God:    Trog [**....]
Gold:   351        SH:  0    Dex: 13    Spells: 7/7 levels left

rFire   . . .      SeeInvis .   a - +0 hand axe
rCold   . . .      Faith    .   (no shield)
rNeg    . . .      Spirit   +   b - +0 animal skin
rPois   .          Reflect  .   (no helmet)
rElec   .          Harm     .   (no cloak)
rCorr   .          Rampage  .   (no gloves)
Will    .....                   (no boots)
Stlth   ..........              (no amulet)
HPRegen 0.24/turn               (no ring)
MPRegen 0.22/turn               (no ring)

@: berserking, very quick
A: powered by death 1, magic shield, magic regeneration, demonic touch 2
a: Renounce Religion, Berserk, Trog's Hand


You were on level 7 of the Dungeon.
You worshipped Trog.
Trog was pleased with you.
You visited 1 branch of the dungeon, and saw 7 of its levels.

You collected 351 gold pieces.

Inventory:

Hand Weapons
 a - a +0 hand axe (weapon)
Missiles
 f - 112 stones (quivered)
 l - 2 poisoned darts
 p - 10 boomerangs
Armour
 b - a +0 animal skin (worn)
Jewellery
 d - an amulet of reflection
Wands
 o - a wand of polymorph (16)
Scrolls
 c - a scroll of amnesia {unknown}
 k - 3 scrolls of identify {unknown}
 m - 2 scrolls of blinking {unknown}
 n - a scroll of fog {unknown}
 r - 2 scrolls of holy word {unknown}
 s - a scroll of teleportation {unknown}
Potions
 e - 3 potions of curing {unknown}
 g - a potion of lignification {unknown}
 h - a potion of might {unknown}
 i - a potion of heal wounds {unknown}
 j - a potion of magic {unknown}
 q - a potion of brilliance {unknown}


   Skills:
 - Level 3.0 Fighting
 + Level 10.2 Axes
 - Level 1.7 Armour
 - Level 1.7 Dodging


You had 7 spell levels left.
You didn't know any spells.
Your spell library contained the following spells:

 Spells                   Type           Power      Damage    Failure   Level
 Corpse Rot               Necr/Air       0%         N/A       50%         2
 Ensorcelled Hibernation  Hex/Ice        0%         N/A       50%         2
 Passwall                 Tmut/Erth      0%         N/A       50%         2
 Poisonous Vapours        Pois/Air       0%         N/A       50%         2
 Ozocubu's Armour         Ice            0%         N/A       75%         3
 Swiftness                Air            0%         N/A       75%         3
 Metabolic Englaciation   Hex/Ice        0%         N/A       100%        5
 Simulacrum               Ice/Necr       0%         N/A       100%        6


Dungeon Overview and Level Annotations

Branches:
Dungeon (7/15)             Temple (0/1) D:4

Altars:
Okawaru
Uskayaw

Shops:
D:3 [

Annotations:
D:7 Joseph


Innate Abilities, Weirdness & Mutations

You regenerate a little health from kills.
When hurt, damage is shared between your health and your magic reserves.
You regenerate magic rapidly.
Your touch may inflict irresistible damage on your foes.


Message History

Done exploring.
(D) Dungeon (T) Temple
Where to? (Enter - D:6, ? - help)
There is an open door here.
There is an open door here.
There is a stone staircase leading down here.
You climb downwards.
Joseph shouts!
There is a stone staircase leading up here.
Joseph is nearby!
Joseph is nearby!
You start waiting.
Joseph is nearby!
Joseph hits you with a +0 quarterstaff!!
There is a stone staircase leading up, spattered with blood here.
A red film seems to cover your vision as you go berserk!
You feel yourself moving faster!
You feel mighty!
Joseph hits you with a +0 quarterstaff!!
You are too injured to fight recklessly!
You are too injured to fight recklessly!
You are too injured to fight recklessly!
You are too injured to fight recklessly!
You closely miss Joseph. Joseph hits you with a +0 quarterstaff!
You slash Joseph! Your touch misses Joseph.
Joseph is moderately wounded.
You closely miss Joseph.
Joseph is moderately wounded.
Joseph hits you with a +0 quarterstaff!
You completely miss Joseph.
Joseph is moderately wounded.
You closely miss Joseph.
Joseph is moderately wounded.
Joseph hits you with a +0 quarterstaff!!
* * * LOW HITPOINT WARNING * * *
You barely miss Joseph. Your touch misses Joseph.
Joseph is moderately wounded.
You barely miss Joseph.
Joseph is moderately wounded.
Joseph hits you with a +0 quarterstaff!
You die... ######## #....@.# #.####@# .# .# .# .. .# ##

You could see Joseph.

Vanquished Creatures
  A kobold demonologist (D:5)
  A black bear (D:5)
  A necrophage (D:6)
  3 ogres
  A phantom (D:6)
  5 scorpions
  A howler monkey (D:5)
  A centaur zombie (D:5)
  An orc priest (D:4)
  3 hounds
  A jelly (D:6)
  2 bullfrog skeletons
  2 centaur skeletons
  A scorpion zombie (D:5)
  6 adders
  A white imp (D:5)
  11 orcs
  6 endoplasms
  A giant cockroach (D:1)
  4 goblins
  5 hobgoblins
  14 jackals
  A quokka (D:4)
  2 ball pythons
  7 bats
  5 frilled lizards
  3 kobolds
  5 rats
95 creatures vanquished.

Notes
Turn   | Place    | Note
-------+----------+-------------------------------------------
     0 | D:1      | knot the Demonspawn Berserker began the quest for the Orb.
     0 | D:1      | Reached XP level 1. HP: 18/18 MP: 1/1
   107 | D:1      | Reached skill level 3 in Axes
   185 | D:1      | Gained mutation: You regenerate magic rapidly. [demonic
                  | ancestry]
   185 | D:1      | Reached XP level 2. HP: 17/24 MP: 2/2
  1150 | D:2      | Gained mutation: Your touch may inflict minor irresistible
                  | damage on your foes. [demonic ancestry]
  1150 | D:2      | Reached XP level 3. HP: 25/29 MP: 3/3
  1299 | D:2      | Reached ** piety under Trog
  1391 | D:2      | Reached skill level 4 in Axes
  1911 | D:2      | Reached XP level 4. HP: 11/35 MP: 4/4
  2395 | D:3      | Noticed an ogre
  2402 | D:3      | Killed an ogre
  2403 | D:3      | Reached skill level 5 in Axes
  2403 | D:3      | Reached XP level 5. HP: 41/41 MP: 5/5
  2670 | D:3      | Found Daocsar's Antique Armour Emporium.
  3124 | D:4      | Reached skill level 6 in Axes
  3496 | D:4      | Found a staircase to the Ecumenical Temple.
  3637 | D:4      | Gained mutation: Your touch may inflict irresistible damage
                  | on your foes. [demonic ancestry]
  3637 | D:4      | Reached XP level 6. HP: 47/47 MP: 6/6
  3709 | D:5      | Entered Level 5 of the Dungeon
  3803 | D:5      | Noticed a kobold demonologist
  3814 | D:5      | Killed a kobold demonologist
  3815 | D:5      | Reached skill level 7 in Axes
  3815 | D:5      | Gained mutation: When hurt, damage is shared between your
                  | health and your magic reserves. [demonic ancestry]
  3815 | D:5      | Reached XP level 7. HP: 52/52 MP: 7/7
  4301 | D:5      | Reached skill level 8 in Axes
  5069 | D:5      | Reached skill level 9 in Axes
  5069 | D:5      | Gained mutation: You regenerate a little health from kills.
                  | [demonic ancestry]
  5069 | D:5      | Reached XP level 8. HP: 58/58 MP: 4/8
  5299 | D:5      | Found a hide-covered altar of Uskayaw.
  5887 | D:6      | Reached skill level 10 in Axes
  6559 | D:6      | Found an iron altar of Okawaru.
  6668 | D:7      | Noticed Joseph
  6683 | D:7      | Slain by Joseph

Illustrated notes

Levels and vault maps discovered:
D:1:      lordsloth_arrival_two_stooges, layout_basic, grunt_decor_fettered,
          minmay_misc_feat_diagonals, nicolae_concentric_dashed_squares_wild
D:2:      layout_rooms, hangedman_decor_clover_reticule
D:3:      layout_basic, serial_shops, shop, kennysheep_path_1
D:4:      layout_rooms, temple_doors_e, uniq_duvessa, uniq_ijyb
D:5:      layout_loops_cross, nicolae_uskayaw_suspiria, item_on_display_a
D:6:      layout_rooms, nicolae_overflow_hidden_temple, grunt_ministairs_6
D:7:      layout_loops_ring, nicolae_ru_awakened_eye, palyth_stone_intersect,
          minmay_misc_feat_alley, minivault_27, uniq_joseph

Skill      XL: |  1  2  3  4  5  6  7  8 |
---------------+-------------------------+-----
Axes           | 3 4 5 6 7 9 10 | 10.2
Fighting       | |  3.0
Armour         | |  1.7
Dodging        | |  1.7

Action                   |  1- 3 |  4- 6 |  7- 9 || total
-------------------------+-------+-------+-------++-------
Melee: Hand axe          |    96 |    58 |   123 ||   277
       Touch             |     4 |     6 |    27 ||    37
       Punch             |       |       |     1 ||     1
Throw: Stone             |       |     1 |       ||     1
Invok: Berserk           |     2 |     4 |    10 ||    16
       Trog's Hand       |       |     1 |       ||     1
Evoke: Wand              |       |       |     2 ||     2
 Stab: Sleeping          |       |     2 |       ||     2
Armor: Animal skin       |    21 |     7 |    19 ||    47
Dodge: Dodged            |    81 |    43 |    61 ||   185

Table legend: (Time is in decaauts)
 A = Elapsed time spent in this place.
 B = Non-inter-level travel time spent in this place.
 C = Inter-level travel time spent in this place.
 D = Time resting spent in this place.
 E = Time spent auto-exploring this place.
 F = Levels seen in this place.
 G = Mean time per level.
                   A        B        C        D        E       F      G
               +--------+--------+--------+--------+--------+-----+--------+
         Total |   6821 |   6751 |     70 |   2914 |   3205 |   7 |  974.4 |
       Dungeon |   6821 |   6751 |     70 |   2914 |   3205 |   7 |  974.4 |
               +--------+--------+--------+--------+--------+-----+--------+

Top non-repeatable levels by time:
     D:5: 1709 daAuts
     D:6: 1332 daAuts
     D:2: 1170 daAuts
     D:1: 1144 daAuts
     D:3: 786 daAuts
     D:4: 666 daAuts
     D:7: 11 daAuts
